 Dungeon Crawl Stone Soup version 0.31.0-12-g77e489cdc1 (webtiles) character file.

Game seed: 9639624540273618997

130 Silvore the Covered (level 4, -1/40 HPs)
             Began as a Minotaur Fighter on Feb 23, 2024.
             Slain by an adder (3 damage)
             ... on level 3 of the Dungeon.
             The game lasted 00:02:28 (2181 turns).

Silvore the Covered (Minotaur Fighter)              Turns: 2181, Time: 00:02:29

Health: -1/40      AC:  8    Str: 22    XL:     4   Next: 89%
Magic:  3/3        EV:  9    Int:  5    God:
Gold:   85         SH:  4    Dex: 10    Spells: 3/3 levels left

rFire   . . .        a - +0 flail
rCold   . . .        c - +0 buckler
rNeg    . . .        b - +0 scale mail
rPois   .            (helmet restricted)
rElec   .            h - +0 cloak
rCorr   .            (no gloves)
SInv    .            (no boots)
Will    .....        (no amulet) Stlth
                     (no ring)
HPRegen 0.26/turn    (no ring)
MPRegen 0.08/turn

%: no passive effects
@: mighty, lethally poisoned (-1 -> -5), invisible
A: horns 2, retaliatory headbutt
a: no special abilities


You were on level 3 of the Dungeon.
You visited 1 branch of the dungeon, and saw 3 of its levels.

You collected 85 gold pieces.

Inventory:

Hand Weapons
 a - a +0 flail (weapon)
Armour
 b - a +0 scale mail (worn)
 c - a +0 buckler (worn)
 h - a +0 cloak (worn)
Jewellery
 g - an amulet of guardian spirit
Scrolls
 f - a scroll of identify {unknown}
Potions
 e - a potion of invisibility


   Skills:
 + Level 4.2 Fighting
 + Level 4.2 Maces & Flails
 + Level 4.9 Armour
 + Level 1.0 Dodging
 + Level 4.0 Shields


You had 3 spell levels left.
You didn't know any spells.
Your spell library was empty.

Dungeon Overview and Level Annotations

Branches:
Dungeon (3/15)

Altars:

Shops:
D:1 (


Innate Abilities, Weirdness & Mutations

You have a pair of horns on your head.
You reflexively headbutt those who attack you in melee.


Message History

A goblin comes into view. It is wielding a +0 dagger.
The goblin shouts!
You sock the orc!
You kill the orc!
The goblin shouts!
Your Shields skill increases to level 4!
The goblin shouts!
Things that are here:
a +0 club; a +0 scale mail; an orc corpse You hit the orc priest.
You headbutt the orc priest.
The orc priest is severely wounded.
The orc priest mumbles some strange prayers to Beogh against you.
You barely resist. You barely miss the orc priest.
The orc priest is severely wounded.
The orc priest barely misses you.
The goblin unwields a +0 dagger.
The goblin wields a +0 sling.
The goblin shoots a sling bullet.
The sling bullet barely misses you. The orc priest closely misses you.
You sock the orc priest!
You kill the orc priest!
The goblin shoots a sling bullet.
The sling bullet closely misses you.
The goblin shoots a sling bullet.
The sling bullet barely misses you.
Your Maces & Flails skill increases to level 4!
You barely miss the orc.
The orc hits you with a +0 short sword of venom.
* * * LOW HITPOINT WARNING * * *
You are lethally poisoned!
The goblin shoots a sling bullet.
The sling bullet barely misses you.
You closely miss the orc. You headbutt the orc!
You kill the orc!
* * * LOW HITPOINT WARNING * * *
You feel very sick.
The goblin shoots a sling bullet.
The sling bullet barely misses you. The adder bites you but does no damage.
Your Dodging skill increases to level 1!
You thump the adder! Your headbutt misses the adder.
The adder is severely wounded.
* * * LOW HITPOINT WARNING * * *
You feel sick. The adder bites you.
You die...

#.........##.#......♣♣~~~~♣♣
#..
#..............####>♣.P~~PP♣
#.. #.........##.###
#.♣♣♣.P..♣ #.. ####...#.###.#
#.#♣♣♣P.♣♣ #.. #...#.###.#
#.#..♣..♣♣##..
#.........######.#.....♣.....
##....######.....#..♣♣♣#####.
#.##...g....................
#.##.######@################
#.##.# #S########## #.##)#
#o...o.o.S.# #.##.#
####.#####.# #.##.# #.# #.###
#.##.##### ..# #.o.#
#........# #.#.# #.#.#
####.###.# #.#.# #.#o# #.#
#.# #.#.. ..#.#


You could see an adder (unable to see you), an orc (unable to see you) and a
goblin (unable to see you).

Vanquished Creatures
  An orc priest (D:3)
  2 adders (D:3)
  4 dart slugs
  A ribbon worm (D:2)
  2 orcs (D:3)
  4 bats
  4 endoplasms
  3 giant cockroaches
  5 goblins
  8 hobgoblins
  6 jackals
  6 kobolds
  5 quokkas
  5 ball pythons
  2 frilled lizards
  4 rats
  A spectral kobold (D:2)
63 creatures vanquished.

Notes
Turn   | Place    | Note
-------+----------+-------------------------------------------
     0 | D:1      | Silvore the Minotaur Fighter began the quest for the Orb.
     0 | D:1      | Reached XP level 1. HP: 19/19 MP: 0/0
     2 | D:1      | Noticed a naga
     2 | D:1      | Noticed a djinni
     4 | D:1      | Noticed a draconian
     6 | D:1      | Noticed a vampire
     6 | D:1      | Noticed a barachi
     8 | D:1      | Noticed a spriggan
     8 | D:1      | Noticed an oni
    10 | D:1      | Noticed a demigod
    10 | D:1      | Noticed an elf
    12 | D:1      | Noticed a gargoyle
    12 | D:1      | Noticed a human
    14 | D:1      | Noticed a formicid
    14 | D:1      | Noticed a minotaur
    16 | D:1      | Noticed a ghoul
    16 | D:1      | Noticed a merfolk
    18 | D:1      | Noticed a demonspawn
    20 | D:1      | Noticed an armataur
    20 | D:1      | Noticed a troll
    22 | D:1      | Noticed a felid
    22 | D:1      | Noticed an octopode
    26 | D:1      | Noticed a tengu
    26 | D:1      | Noticed a vine stalker
   154 | D:1      | Reached XP level 2. HP: 27/27 MP: 1/1
   771 | D:1      | Found a transporter.
   772 | D:1      | Found Ceblol Ciyh's Weapon Shop.
   835 | D:1      | Found a transporter.
  1000 | D:1      | Reached XP level 3. HP: 32/33 MP: 2/2
  1827 | D:2      | Found a faded altar of an unknown god.
  2011 | D:3      | Reached XP level 4. HP: 39/40 MP: 3/3
  2180 | D:3      | HP: 2/40 [poisoned by an orc]
  2181 | D:3      | Reached skill level 1 in Dodging
  2181 | D:3      | Slain by an adder

Illustrated notes

Levels and vault maps discovered:
D:1:      kb_arrival_jail, layout_basic, serial_shops, nicolae_shop_drivethru
D:2:      layout_rooms, dreamdust_ecumenical_altar_drowned_temple, st_stairs_5,
          interstate_on_off, kennysheep_nondescript, minmay_misc_feat_iff
D:3:      layout_loops_ring, serial_forest, infiniplex_forest_clump_tiny,
          infiniplex_forest_clump_small, infiniplex_forest_lined_3_way,
          infiniplex_forest_clump_curved, infiniplex_forest_straight_2,
          infiniplex_forest_pool, serial_bayou_pond_e

Skill      XL: |  1  2  3  4 |
---------------+-------------+-----
Armour         | 4 |  4.9
Fighting       | 4 |  4.2
Maces & Flails | 3 4 |  4.2
Shields        | 4 |  4.0
Dodging        | 1 |  1.0

Action                     |  1- 3 |  4- 6 || total
---------------------------+-------+-------++-------
  Melee: Flail             |    83 |    35 ||   118
         Headbutt          |    14 |     5 ||    19
    Use: Scroll            |     2 |       ||     2
         Potion            |       |     2 ||     2
 Armour: Scale mail        |    57 |    23 ||    80
  Dodge: Dodged            |    55 |    25 ||    80
  Block: Buckler           |    17 |    14 ||    31
